Map: Abyssal Reef LE

Players

Nzteezy

  • Race: Zerg Zerg
  • Spawn Location: 11:00

llllllllllll - Winner!

  • Race: Terran Terran
  • League: Master
  • Spawn Location: 5:00

VOD

Have the link to the VOD?

Description

Time

  • Played on: March 21, 2017, 11:21 p.m.
  • Length: 6:20
Show
View Real Time Build Order
Export as new Build Order

Nzteezy Zerg 

Build Orders: Pool First 

Get SALT Encoding   

  12  0:01  Drone  
  13  0:13  Overlord  
  13  0:22  Overlord  
  13  0:26  Drone  
  14  0:40  Drone  
  15  0:45  Drone  
  15  0:46  Drone  
  17  0:57  Spawning Pool  
  17  0:59  Drone  
  17  1:11  Drone  
  18  1:19  Extractor  
  18  1:20  Drone  
  18  1:44  Queen  
  18  1:45  Drone x2  
  22  1:58  Drone  
  23  2:02  Extractor  
  23  2:03  Drone  
  23  2:17  Drone  
  24  2:27  Drone  
  25  2:37  Drone  
  25  2:39  Hatchery  
  25  2:48  Roach Warren  
  25  2:49  Drone  
  25  2:57  Drone x2  
  25  2:58  Drone  
  28  3:00  Queen  
  30  3:16  Extractor  
  30  3:18  Extractor  
  28  3:32  Metabolic Boost  
  28  3:36  Roach  
  28  3:37  Overlord  
  28  3:38  Overlord  
  30  3:51  Drone  
  31  4:00  Roach x2  
  31  4:01  Roach  
  37  4:15  Roach  
  39  4:20  Drone  
  39  4:21  Drone  
  41  4:25  Queen  
  45  4:44  Lair  
  43  4:49  Drone  
  43  4:51  Roach  
  43  4:52  Roach x2  
  50  4:56  Drone x2  
  52  5:01  Overlord  
  52  5:25  Overlord x2  
  52  5:43  Roach x2  
  52  5:44  Roach x2  
  52  5:49  Overlord x2  
Show
View Real Time Build Order
Export as new Build Order

llllllllllll Terran - Winner!

Build Orders: Command Center First (CC), MMM Bio 

Get SALT Encoding   

  12  0:00  SCV  
  13  0:13  SCV  
  14  0:17  Supply Depot  
  14  0:25  SCV  
  15  0:38  SCV  
  16  0:51  SCV  
  17  1:04  Command Center  
  17  1:10  SCV  
  18  1:18  Barracks  
  18  1:22  SCV  
  19  1:34  SCV  
  19  1:36  Barracks  
  20  1:46  SCV  
  21  1:50  Barracks  
  21  1:58  SCV  
  21  2:00  Refinery  
  22  2:05  Marine  
  23  2:12  Orbital Command  
  23  2:22  Orbital Command  
  23  2:26  Marine  
  23  2:28  Marine  
  25  2:38  Marine  
  25  2:39  SCV  
  27  2:44  Marine  
  27  2:46  Marine  
  27  2:48  SCV  
  27  2:49  Supply Depot  
  30  2:51  SCV  
  30  2:57  Barracks Reactor  
  31  3:00  SCV  
  31  3:04  Barracks Tech Lab  
  31  3:05  SCV, Marine  
  33  3:11  Engineering Bay  
  33  3:12  SCV  
  35  3:17  SCV  
  36  3:20  Refinery  
  36  3:22  Marine  
  36  3:24  SCV  
  36  3:25  Marine  
  39  3:29  Stimpack  
  39  3:30  SCV  
  40  3:34  Supply Depot  
  40  3:35  Marine  
  40  3:36  SCV, Marine  
  43  3:42  SCV  
  43  3:43  Refinery  
  43  3:46  Barracks Tech Lab  
  44  3:48  SCV  
  44  3:54  SCV  
  46  3:55  Marine x2  
  46  3:57  Supply Depot  
  46  3:59  Terran Infantry Weapons Level 1  
  46  4:00  SCV  
  46  4:01  Supply Depot  
  49  4:06  SCV, Marine  
  51  4:11  Supply Depot  
  51  4:12  Marine  
  51  4:13  SCV  
  51  4:14  Marine  
  54  4:18  Marine  
  54  4:19  SCV  
  54  4:21  Factory  
  54  4:23  Marine  
  57  4:27  SCV  
  57  4:30  Combat Shields, Marine  
  59  4:31  Marine  
  59  4:33  SCV  
  59  4:36  Marine  
  62  4:39  Supply Depot, SCV  
  62  4:43  Marine  
  62  4:44  Supply Depot  
  62  4:45  SCV  
  65  4:48  Marine  
  65  4:49  Marine  
  65  4:51  SCV  
  68  4:54  Marine  
  68  4:57  SCV  
  70  5:00  Supply Depot  
  70  5:01  Marine  
  70  5:03  SCV  
  70  5:04  Starport  
  70  5:05  Marine  
  70  5:06  Factory Reactor  
  73  5:07  Marine  
  73  5:12  Marine  
  75  5:14  SCV  
  75  5:18  SCV  
  75  5:19  Marine  
  78  5:23  Marine  
  78  5:26  SCV, Marine  
  81  5:30  SCV, Marine  
  81  5:32  Command Center  
  83  5:38  SCV  
  83  5:42  SCV  
  85  5:44  Barracks Reactor  
  85  5:48  Barracks, Factory Reactor  
  87  5:50  Barracks  
  87  5:56  Barracks  
  89  5:58  SCV x2  
Tags
 
Add a new tag
Caveats
  • Supply blocks, unpowered buildings, or Contaminate may cause inaccurate times.
  • Supply counts are checked every 10 seconds.